Map: [ESL] Babylon

Players

ShoWTimE

  • Race: Protoss Protoss
  • Spawn Location: 11:00

MaxPax - Winner!

  • Race: Protoss Protoss
  • Spawn Location: 5:00

Event: ESL SC2 Masters 2023 Summer (Regionals)

VOD

Have the link to the VOD?

Description

Time

  • Played on: May 18, 2023, 11:25 a.m.
  • Length: 8:55

All games in this series

Show
View Real Time Build Order
Export as new Build Order

ShoWTimE Protoss 

Build Orders: Phoenix Opening, Mass Phoenix 

Get SALT Encoding   

  12  0:00  Probe  
  13  0:12  Probe  
  14  0:17  Pylon  
  14  0:24  Probe (Chrono Boost)  
  15  0:36  Probe (Chrono Boost)  
  15  0:37  Gateway  
  16  0:45  Probe (Chrono Boost)  
  16  0:46  Assimilator  
  17  0:50  Probe  
  18  1:03  Probe (Chrono Boost)  
  19  1:14  Assimilator  
  19  1:15  Probe (Chrono Boost), Pylon  
  20  1:23  Probe (Chrono Boost)  
  20  1:24  Cybernetics Core  
  21  1:29  Probe  
  22  1:38  Pylon  
  22  1:41  Probe  
  22  1:44  Zealot  
  25  1:53  Probe  
  26  2:02  Stargate  
  26  2:05  Probe  
  27  2:25  Nexus  
  27  2:27  Probe  
  28  2:34  Pylon  
  28  2:39  Probe  
  29  2:45  Phoenix (Chrono Boost)  
  31  2:53  Pylon  
  32  3:02  Phoenix (Chrono Boost)  
  33  3:10  Pylon  
  33  3:13  Shield Battery  
  33  3:16  Probe  
  34  3:23  Phoenix (Chrono Boost)  
  36  3:28  Probe  
  37  3:40  Phoenix (Chrono Boost), Probe  
  37  3:41  Probe  
  41  3:51  Assimilator  
  41  3:53  Probe x2  
  43  3:57  Phoenix  
  45  4:03  Stargate  
  45  4:05  Probe x2  
  47  4:14  Pylon  
  47  4:17  Probe x2  
  47  4:22  Phoenix (Chrono Boost)  
  51  4:28  Assimilator  
  51  4:29  Probe x2  
  53  4:38  Phoenix (Chrono Boost)  
  53  4:40  Pylon  
  53  4:41  Probe x2  
  59  4:53  Probe x2  
  59  4:54  Phoenix (Chrono Boost)  
  59  4:57  Pylon  
  59  5:00  Shield Battery  
  59  5:03  Phoenix (Chrono Boost)  
  61  5:07  Probe  
  62  5:16  Phoenix (Chrono Boost)  
  62  5:19  Phoenix (Chrono Boost)  
  66  5:23  Pylon  
  66  5:34  Fleet Beacon  
  66  5:36  Probe  
  66  5:37  Zealot  
  66  5:40  Probe  
  70  5:45  Phoenix (Chrono Boost)  
  72  5:53  Phoenix (Chrono Boost), Pylon  
  72  6:09  Nexus  
  74  6:12  Phoenix (Chrono Boost)  
  74  6:14  Phoenix (Chrono Boost)  
  74  6:17  Anion Pulse-Crystals (Chrono Boost)  
  76  6:19  Pylon  
  76  6:29  Probe x2  
  76  6:32  Phoenix  
  78  6:39  Phoenix  
  80  6:44  Probe  
  80  6:45  Probe  
  82  6:57  Probe x2  
  86  7:03  Phoenix (Chrono Boost), Assimilator  
  86  7:04  Phoenix (Chrono Boost)  
  86  7:05  Assimilator  
  88  7:09  Probe x2  
  90  7:21  Probe x3  
  90  7:22  Phoenix (Chrono Boost)  
  95  7:24  Phoenix (Chrono Boost)  
  95  7:33  Probe  
  95  7:36  Probe  
  95  7:41  Phoenix (Chrono Boost)  
  95  7:43  Phoenix (Chrono Boost)  
  95  7:55  Probe x2  
  95  7:56  Probe  
  98  7:59  Phoenix (Chrono Boost)  
  98  8:02  Pylon  
  98  8:04  Phoenix (Chrono Boost)  
  98  8:05  Stargate  
  102  8:07  Probe  
  102  8:08  Probe x2  
  105  8:19  Probe  
  104  8:20  Probe x2  
  104  8:22  Phoenix (Chrono Boost)  
  94  8:32  Probe x3  
  94  8:33  Nexus  
  97  8:34  Phoenix (Chrono Boost)  
  97  8:35  Pylon  
Show
View Real Time Build Order
Export as new Build Order

MaxPax Protoss - Winner!

Build Orders: Oracle Opening, Phoenix Opening, Mass Phoenix 

Get SALT Encoding   

  12  0:00  Probe  
  13  0:12  Probe  
  14  0:19  Pylon  
  14  0:24  Probe (Chrono Boost)  
  15  0:37  Gateway  
  15  0:38  Probe (Chrono Boost)  
  16  0:46  Probe (Chrono Boost)  
  16  0:47  Assimilator  
  17  0:52  Probe  
  19  1:04  Probe (Chrono Boost)  
  19  1:15  Assimilator  
  19  1:16  Probe (Chrono Boost), Pylon  
  20  1:24  Cybernetics Core  
  20  1:25  Probe (Chrono Boost)  
  21  1:30  Probe  
  22  1:34  Zealot  
  24  1:42  Probe  
  25  1:54  Probe  
  26  2:02  Stargate  
  26  2:03  Adept  
  28  2:23  Nexus  
  28  2:32  Pylon  
  28  2:40  Probe  
  29  2:48  Oracle (Chrono Boost)  
  32  2:52  Probe  
  33  3:04  Probe  
  34  3:12  Assimilator  
  34  3:15  Phoenix (Chrono Boost)  
  34  3:19  Probe  
  37  3:24  Shield Battery  
  37  3:31  Probe  
  37  3:32  Phoenix (Chrono Boost)  
  38  3:36  Probe  
  37  3:43  Probe  
  37  3:48  Probe, Stargate  
  38  3:51  Phoenix (Chrono Boost)  
  42  3:55  Probe  
  42  4:00  Probe  
  43  4:07  Pylon  
  43  4:09  Probe  
  43  4:12  Probe  
  43  4:15  Phoenix (Chrono Boost)  
  45  4:21  Probe  
  46  4:24  Probe  
  47  4:33  Probe, Phoenix (Chrono Boost)  
  47  4:38  Probe  
  53  4:39  Phoenix (Chrono Boost)  
  53  4:45  Probe  
  54  4:48  Assimilator  
  54  4:50  Probe  
  54  4:53  Phoenix (Chrono Boost)  
  54  4:57  Probe  
  54  4:58  Phoenix  
  59  5:02  Probe  
  59  5:06  Pylon  
  60  5:09  Probe  
  62  5:14  Probe  
  61  5:21  Probe  
  61  5:25  Phoenix (Chrono Boost)  
  61  5:26  Probe  
  61  5:27  Phoenix (Chrono Boost)  
  65  5:32  Pylon  
  66  5:36  Pylon  
  64  5:42  Fleet Beacon  
  64  5:45  Phoenix (Chrono Boost)  
  66  5:54  Probe  
  69  5:58  Pylon  
  69  6:00  Probe  
  69  6:02  Phoenix (Chrono Boost)  
  69  6:06  Probe  
  69  6:07  Phoenix (Chrono Boost)  
  72  6:13  Probe  
  73  6:20  Phoenix  
  73  6:21  Anion Pulse-Crystals (Chrono Boost)  
  75  6:27  Pylon  
  75  6:35  Phoenix  
  76  6:42  Nexus  
  76  6:45  Pylon  
  76  6:47  Phoenix  
  76  6:49  Probe  
  76  6:51  Probe  
  80  7:00  Phoenix  
  82  7:01  Probe  
  82  7:06  Pylon  
  83  7:12  Phoenix  
  83  7:14  Probe  
  85  7:16  Probe  
  86  7:25  Phoenix (Chrono Boost)  
  86  7:26  Probe  
  86  7:28  Probe  
  88  7:36  Assimilator  
  86  7:38  Probe  
  86  7:39  Assimilator  
  86  7:40  Probe  
  88  7:44  Phoenix (Chrono Boost)  
  88  7:46  Phoenix (Chrono Boost)  
  88  7:50  Probe  
  89  7:52  Probe  
  89  7:55  Probe  
  91  8:02  Probe  
  91  8:04  Probe  
  95  8:05  Phoenix (Chrono Boost)  
  95  8:06  Stargate  
  95  8:07  Probe  
  95  8:09  Phoenix (Chrono Boost)  
  98  8:15  Probe  
  98  8:16  Probe  
  98  8:19  Probe  
  101  8:22  Phoenix (Chrono Boost)  
  101  8:26  Pylon  
  94  8:27  Probe  
  94  8:29  Probe  
  94  8:32  Probe  
  73  8:34  Phoenix (Chrono Boost)  
Tags
 
Add a new tag
Caveats
  • Supply blocks, unpowered buildings, or Contaminate may cause inaccurate times.
  • Supply counts are checked every 10 seconds.